 Dungeon Crawl Stone Soup version 0.19.0 (webtiles) character file.

641 GordonOverkill the Cudgeler (level 7, -3/74 HPs)
             Began as an Ogre Hunter on Nov 2, 2016.
             Slain by an ogre
             ... wielding a +0 giant club
              (27 damage)
             ... on level 3 of the Dungeon.
             The game lasted 00:13:10 (4450 turns).

GordonOverkill the Cudgeler (Ogre Hunter)           Turns: 4450, Time: 00:13:10

Health: -3/74      AC:  5    Str: 18    XL:     7   Next: 51%
Magic:  7/7        EV: 10    Int: 10    God:
Gold:   187        SH:  3    Dex: 12    Spells: 0 memorised, 6 levels left

rFire  . . .     SeeInvis .     r - +1 mace
rCold  . . .     Gourm    .     b - +0 robe
rNeg   . . .     Faith    .     (no shield)
rPois  .         Spirit   .     (helmet restricted)
rElec  .         Reflect  +     u - +1 cloak
rCorr  .         Harm     .     (gloves unavailable)
MR     .....                    (boots unavailable)
Stlth  +.........               g - +3 amulet of reflection
                                (no ring)
                                (no ring)

@: no status effects
A: unfitting armour, tough skin 1
a: no special abilities


You were on level 3 of the Dungeon.
You were hungry.

You visited 1 branch of the dungeon, and saw 4 of its levels.

You collected 187 gold pieces.

Inventory:

Hand Weapons
 r - a +1 mace (weapon)
Missiles
 d - a throwing net
 w - 9 stones (quivered)
Armour
 b - a +0 robe (worn)
 u - a +1 cloak (worn)
Jewellery
 g - a +3 amulet of reflection (around neck)
Scrolls
 q - a scroll of teleportation
Potions
 c - a potion of lignification {unknown}
 e - a potion of cancellation {unknown}
 j - a potion of berserk rage {unknown}
 o - 2 potions of might
 p - a potion of curing
 s - a potion of brilliance {unknown}
Comestibles
 a - a beef jerky
 f - 5 bread rations
 m - 2 fruits
 t - a royal jelly


   Skills:
 + Level 5.9 Fighting
 * Level 6.9 Maces & Flails
 + Level 5.7 Throwing
 - Level 1.7 Dodging
 - Level 0.6 Stealth


You had 6 spell levels left.
You didn't know any spells.

Dungeon Overview and Level Annotations

Branches:
Dungeon (4/15)
 Temple: D:4-7

Altars:
Cheibriados
Ru
Sif Muna
Trog
Xom

Annotations:
D:4 Dowan, Duvessa


Innate Abilities, Weirdness & Mutations

You are too large for most types of armour.
You have tough skin. (AC +1)


Message History

Level annotation: Dowan, Duvessa
There is a stone staircase leading up here.
The ogre shouts!
You barely miss the ogre. The ogre hits you with a giant club!!
You barely miss the ogre. The ogre hits you with a giant club!
You hit the ogre.
The ogre is lightly wounded.
The ogre hits you with a giant club!
You hit the ogre.
The ogre is moderately wounded.
The ogre hits you with a giant club!
* * * LOW HITPOINT WARNING * * *
The orc priest shouts!
The orc priest miscasts a cantrip.
There is a stone staircase leading up here.
The ogre barely misses you.
You climb upwards.
There is a stone staircase leading down here.
The ogre hits you with a giant club!!
You die...

####.#.#.#.###.#..#..##.##.#
# #.#.#.#.###.#........##.#
# #.#.#.......#.#.#.#####.#
####.#.###.#####.#.#.#####.#
.....#.# #.# #.#.......^.#
######.# #.# #.##..#######
#.# #.# #.##.># #.# #.#
###.....# #.# #.# #..@O...#
#.# #.# #.####### #.#
#.###.# #.# #.....# ######.#
####### .......# ######.#
#.# ###


You could see an ogre.

Vanquished Creatures
  Sigmund (D:3)
  Menkaure (D:3)
  A howler monkey (D:3)
  An orc wizard (D:3)
  Jessica (D:3)
  Natasha (thrice) (D:2)
  Robin (D:3)
  8 adders
  2 oozes (D:1)
  An adder skeleton (D:1)
  3 worms (D:2)
  2 dart slugs
  4 orcs
  8 bats
  3 giant cockroaches
  16 goblins
  11 hobgoblins
  4 jackals (D:1)
  8 kobolds
  2 quokkas
  A ball python (D:2)
  5 frilled lizards
  8 rats
95 creatures vanquished.

Notes
Turn   | Place    | Note
-------+----------+-------------------------------------------
     0 | D:1      | GordonOverkill the Ogre Hunter began the quest for the Orb.
     0 | D:1      | Reached XP level 1. HP: 22/22 MP: 1/1
   137 | D:1      | Reached skill level 1 in Maces & Flails
   137 | D:1      | Reached XP level 2. HP: 16/29 MP: 2/2
   859 | D:1      | Reached skill level 2 in Maces & Flails
   859 | D:1      | Reached XP level 3. HP: 20/37 MP: 3/3
  1329 | D:2      | Found a snail-covered altar of Cheibriados.
  1364 | D:2      | Noticed a moth of wrath
  1389 | D:2      | Found a sacrificial altar of Ru.
  1420 | D:2      | Found a shimmering altar of Xom.
  1422 | D:2      | Found a deep blue altar of Sif Muna.
  1422 | D:2      | Found a bloodstained altar of Trog.
  1424 | D:2      | Found a shimmering altar of Xom.
  1424 | D:2      | Found an ancient bone altar of Kikubaaqudgha.
  1424 | D:2      | Found a shadowy altar of Dithmenos.
  1519 | D:2      | Reached XP level 4. HP: 23/45 MP: 4/4
  1955 | D:2      | Noticed Natasha
  1963 | D:2      | Killed Natasha
  1963 | D:2      | Reached skill level 3 in Maces & Flails
  1987 | D:2      | Noticed Natasha
  1989 | D:2      | Killed Natasha
  1989 | D:2      | Reached XP level 5. HP: 28/54 MP: 5/5
  2290 | D:2      | Found a bloodstained altar of Trog.
  2340 | D:2      | Reached skill level 4 in Maces & Flails
  2475 | D:2      | Noticed Natasha
  2476 | D:2      | Killed Natasha
  2775 | D:3      | Noticed Robin
  2781 | D:3      | Killed Robin
  2977 | D:3      | Reached skill level 5 in Throwing
  3019 | D:3      | Reached skill level 5 in Maces & Flails
  3023 | D:3      | Reached XP level 6. HP: 57/63 MP: 6/6
  3403 | D:3      | Noticed Sigmund
  3404 | D:3      | Noticed Jessica
  3678 | D:3      | Killed Sigmund
  3678 | D:3      | Reached skill level 5 in Fighting
  3678 | D:3      | Reached skill level 6 in Maces & Flails
  3678 | D:3      | Reached XP level 7. HP: 58/72 MP: 7/7
  3711 | D:4      | Noticed Duvessa
  3716 | D:4      | Noticed Menkaure
  3716 | D:4      | Noticed Dowan
  3731 | D:3      | Killed Menkaure
  3744 | D:3      | Killed Jessica
  4450 | D:3      | Slain by an ogre

Skill      XL: |  1  2  3  4  5  6 |
---------------+-------------------+-----
Maces & Flails | 1 2 3 5 6 |  6.9
Fighting       | 3 4 5 |  5.9
Throwing       | 5 |  5.7
Dodging        | |  1.7
Stealth        | |  0.6

Action                   |  1- 3 |  4- 6 |  7- 9 || total
-------------------------+-------+-------+-------++-------
Melee: Whip              |    97 |     5 |       ||   102
       Short sword       |     4 |       |       ||     4
       Mace              |       |   153 |    39 ||   192
Throw: Large rock        |    14 |    24 |     2 ||    40
       Stone             |       |       |    16 ||    16
       Throwing net      |       |       |     2 ||     2
  Use: Scroll            |       |     9 |     2 ||    11
 Stab: Sleeping          |     4 |     1 |       ||     5
  Eat: Chunk             |     2 |     6 |     3 ||    11
Armor: Robe              |    35 |    29 |     7 ||    71
Dodge: Dodged            |    60 |   101 |    16 ||   177
Block: Other             |       |       |     2 ||     2
